 Dungeon Crawl Stone Soup version 0.24-a0-106-gcea5463 (webtiles) character file.

Game seed: 6149429203252097743

41 galech the Skirmisher (level 3, 0/29 HPs)
             Began as a Demonspawn Fighter on Feb 13, 2019.
             Succumbed to an adder's poison
             ... on level 2 of the Dungeon.
             The game lasted 00:01:10 (901 turns).

galech the Skirmisher (Demonspawn Fighter)           Turns: 901, Time: 00:01:11

Health: 0/29       AC:  7    Str: 21    XL:     3   Next: 32%
Magic:  3/3        EV:  7    Int: 14    God:
Gold:   116        SH:  9    Dex: 13    Spells: 2/2 levels left

rFire    + . .     SeeInvis .   a - +0 war axe
rCold    + . .     Gourm    .   c - +0 shield
rNeg     . . .     Faith    .   b - +0 scale mail
rPois    .         Spirit   .   (no helmet)
rElec    .         Reflect  .   e - scarf {rC+ rF+}
rCorr    .         Harm     .   m - +0 pair of gloves
MR       .....                  (no boots)
Stlth    ..........             (no amulet)
HPRegen  0.09/turn              (no ring)
MPRegen  0.08/turn              (no ring)

@: mighty, brilliant, lethally poisoned (0 -> -11), flying
A: powered by pain 1, rot immunity
a: no special abilities


You were on level 2 of the Dungeon.
You were not hungry.

You visited 1 branch of the dungeon, and saw 2 of its levels.

You collected 116 gold pieces.

Inventory:

Hand Weapons
 a - a +0 war axe (weapon)
Armour
 b - a +0 scale mail (worn)
 c - a +0 shield (worn)
 e - a scarf of resistance (worn)
 m - a +0 pair of gloves (worn)
Scrolls
 h - a scroll of enchant armour {unknown}
 k - a scroll of identify {unknown}
 l - a scroll of random uselessness {unknown}
Comestibles
 f - 2 rations
 g - 5 chunks of flesh


   Skills:
 + Level 3.3 Fighting
 + Level 2.0 Axes
 + Level 3.0 Armour
 + Level 0.2 Dodging
 + Level 3.3 Shields


You had 2 spell levels left.
You didn't know any spells.
Your spell library was empty.

Dungeon Overview and Level Annotations

Branches:
Dungeon (2/15)

Altars:
Trog


Innate Abilities, Weirdness & Mutations

You sometimes gain a little power by taking damage.
You are immune to rotting.


Message History

* * * LOW HITPOINT WARNING * * *
The adder bites you but does no damage.
You closely miss the adder.
The adder is severely wounded.
* * * LOW HITPOINT WARNING * * *
You feel sick. The adder bites you.
* * * LOW HITPOINT WARNING * * *
You block the adder's attack.
You slash the adder!
You kill the adder!
Your Armour skill increases to level 3!
* * * LOW HITPOINT WARNING * * *
You feel sick.
* * * LOW HITPOINT WARNING * * *
You feel sick.
* * * LOW HITPOINT WARNING * * *
You feel sick.
You aren't carrying any potions.
There is a lethal amount of poison in your body!
You die...

#....#
####.#
#.# #.#
#.# #.#
#.#
#.#####.#
#...@...#
#.#######


There were no monsters in sight!

Vanquished Creatures
  An adder (D:2)
  2 dart slugs (D:1)
  A leopard gecko (D:1)
  4 bats
  A giant cockroach (D:2)
  4 goblins
  3 hobgoblins (D:1)
  2 frilled lizards (D:1)
  4 kobolds
  4 rats (D:1)
26 creatures vanquished.

Vanquished Creatures (others)
  A bat (D:1)
1 creature vanquished.

Grand Total: 27 creatures vanquished

Notes
Turn   | Place    | Note
-------+----------+-------------------------------------------
     0 | D:1      | galech the Demonspawn Fighter began the quest for the Orb.
     0 | D:1      | Reached XP level 1. HP: 18/18 MP: 1/1
    94 | D:1      | Gained mutation: You sometimes gain a little power by
                  | taking damage. [demonic ancestry]
    94 | D:1      | Reached XP level 2. HP: 10/24 MP: 2/2
   813 | D:2      | Found a bloodstained altar of Trog.
   838 | D:2      | Gained mutation: You are immune to rotting. [demonic
                  | ancestry]
   838 | D:2      | Reached XP level 3. HP: 29/29 MP: 3/3
   900 | D:2      | HP: 1/29 [poisoned by an adder]
   901 | D:2      | Succumbed to an adder's poison

Levels and vault maps discovered:
D:1:      grunt_arrival_crossed_arrows, layout_basic, nrook_campfire
D:2:      layout_basic, lemuel_doored_altar, lemuel_coloured_pillars_altar,
          st_stairs_6, chequers_serial_rivers_micro_a

Skill      XL: |  1  2  3 |
---------------+----------+-----
Shields        | 3 |  3.3
Axes           | 2 |  2.0
Armour         | 3 |  3.0
Fighting       | |  3.3
Dodging        | |  0.2

Action                   || total
-------------------------++-------
Melee: War axe           ||    68
  Use: Potion            ||     3
Armor: Scale mail        ||    35
Dodge: Dodged            ||    31
Block: Shield            ||    43

Table legend:
 A = Non-vault XP
 B = Vault XP
 C = Vault XP percentage of total XP
 D = Non-vault monster count
 E = Vault monster count
 F = Vault count percentage of total count
                 A         B        C        D         E       F
            +---------+---------+-------+---------+---------+-------
      Total |      56 |       3 |   5.1 |      24 |       2 |   7.7
            +---------+---------+-------+---------+---------+-------
        D:1 |      34 |       0 |   0.0 |      19 |       0 |   0.0
        D:2 |      22 |       3 |  12.0 |       5 |       2 |  28.6
            +---------+---------+-------+---------+---------+-------
